 Dungeon Crawl Stone Soup version 0.22.1-2-g9c5b331383 (webtiles) character file.

172 Marnok the Slasher (level 5, -2/52 HPs)
             Began as a Troll Fighter on Jan 3, 2019.
             Slain by a gnoll sergeant
             ... wielding a +0 trident
              (8 damage)
             ... on level 4 of the Dungeon.
             The game lasted 00:11:37 (2375 turns).

Marnok the Slasher (Troll Fighter)                  Turns: 2375, Time: 00:11:38

Health: -2/52      AC:  5    Str: 24    XL:     5   Next: 27%
Magic:  4/4        EV:  8    Int:  4    God:
Gold:   94         SH:  9    Dex: 10    Spells: 4/4 levels left

rFire    . . .     SeeInvis .   a - +0 long sword
rCold    . . .     Gourm    +   c - +0 shield
rNeg     . . .     Faith    .   b - +0 robe
rPois    .         Spirit   .   (helmet restricted)
rElec    .         Reflect  .   (no cloak)
rCorr    .         Harm     .   (gloves unavailable)
MR       .....                  (boots unavailable)
Stlth    +.........             (no amulet)
HPRegen  0.57/turn              (no ring)
MPRegen  0.09/turn              (no ring)

@: no status effects
A: large, unfitting armour, claws 3, fast metabolism 3, gourmand, regeneration
1, shaggy fur 1, tough skin 2
a: no special abilities


You were on level 4 of the Dungeon.
You were full.

You visited 1 branch of the dungeon, and saw 4 of its levels.

You collected 94 gold pieces.

Inventory:

Hand Weapons
 a - a +0 long sword (weapon)
 p - a +1 short sword of holy wrath
Armour
 b - a +0 robe (worn)
 c - a +0 shield (worn)
 m - a +1 chain mail of fire resistance
Wands
 q - a wand of acid (10)
Scrolls
 e - a scroll of remove curse
 h - 3 scrolls of identify
 i - 4 scrolls of magic mapping
 j - a scroll of noise
 k - a scroll of fog {unknown}
 n - a scroll of enchant weapon {unknown}
 o - a scroll of enchant armour {unknown}
Potions
 d - 2 potions of might
 g - a potion of curing
Comestibles
 f - 12 rations


   Skills:
 + Level 2.9 Fighting
 + Level 3.2 Long Blades
 + Level 3.1 Dodging
 + Level 3.0 Shields


You had 4 spell levels left.
You didn't know any spells.
Your spell library was empty.

Dungeon Overview and Level Annotations

Branches:
Dungeon (4/15)
 Temple: D:4-7

Altars:
Elyvilon
Zin


Innate Abilities, Weirdness & Mutations

You are too large for most types of armour.
You have claws for hands.
Your metabolism is lightning-fast.
You like to eat raw meat.
Your natural rate of healing is unusually fast.
You are covered in fur. (AC +1)
You have very tough skin. (AC +2)


Message History

The gnoll hits you from afar with a halberd.
* * * LOW HITPOINT WARNING * * *
The gnoll hits you with a whip of freezing.
* * * LOW HITPOINT WARNING * * *
The gnoll freezes you.
* * * LOW HITPOINT WARNING * * *
As you read the scroll labeled KION LIESA, it crumbles to dust.
You feel blessed for a moment.
It was a scroll of remove curse.
The leopard gecko hisses menacingly.
You block the gnoll sergeant's attack. You block the gnoll's attack.
As you read the scroll labeled VYAREFANK JIWI, it crumbles to dust.
It is a scroll of identify.
i - 4 scrolls of magic mapping You block the gnoll's attack.
You block the gnoll sergeant's attack. The gnoll barely misses you.
As you read the scroll labeled UXEGUE UQOA, it crumbles to dust.
You hear a loud clanging noise!
It was a scroll of noise.
The gnoll sergeant hits you from afar with a trident!
You die...

...## .... ..# ##... ..#
## #... ...# #..###g.
..# #..lg# ...### #.gg#
#.....# ###g#####.......
#@#...........
#.............
##.............
#..................
##..................
##.[.................
####....................
#.#..#..................
##..##..................


You could see a gnoll sergeant, 4 gnolls and a leopard gecko.

Vanquished Creatures
  A bullfrog skeleton (D:4)
  An orc priest (D:4)
  A gnoll (D:1)
  3 adders
  2 worms
  2 leopard geckos (D:1)
  5 orcs
  8 bats
  3 giant cockroaches
  14 goblins
  5 hobgoblins
  2 jackals (D:2)
  A ball python (D:2)
  5 frilled lizards
  3 kobolds
  7 rats
63 creatures vanquished.

Notes
Turn   | Place    | Note
-------+----------+-------------------------------------------
     0 | D:1      | Marnok the Troll Fighter began the quest for the Orb.
     0 | D:1      | Reached XP level 1. HP: 22/22 MP: 0/0
   273 | D:1      | Reached XP level 2. HP: 29/29 MP: 1/1
   492 | D:1      | Reached XP level 3. HP: 35/36 MP: 2/2
  1569 | D:2      | Reached XP level 4. HP: 43/44 MP: 3/3
  1827 | D:3      | Found a white marble altar of Elyvilon.
  2171 | D:2      | Found a glowing silver altar of Zin.
  2231 | D:4      | Reached XP level 5. HP: 26/52 MP: 4/4
  2375 | D:4      | Slain by a gnoll sergeant

Skill      XL: |  1  2  3  4  5 |
---------------+----------------+-----
Long Blades    | 2 3 |  3.2
Dodging        | 3 |  3.1
Shields        | 3 |  3.0
Fighting       | |  2.9

Action                   |  1- 3 |  4- 6 || total
-------------------------+-------+-------++-------
Melee: Long sword        |   160 |    82 ||   242
  Use: Potion            |       |     3 ||     3
       Scroll            |       |     3 ||     3
 Stab: Sleeping          |     1 |       ||     1
  Eat: Chunk             |    19 |     6 ||    25
Armor: Robe              |    65 |    28 ||    93
Dodge: Dodged            |    58 |    28 ||    86
Block: Shield            |    95 |    46 ||   141
       Rpst.: Long sword |    20 |    10 ||    30
